 Dungeon Crawl Stone Soup version 0.19.5 (webtiles) character file.

70 Haldmier the Slasher (level 4, -5/29 HPs)
             Began as a High Elf Skald on Apr 12, 2017.
             Slain by Natasha (6 damage)
             ... on level 2 of the Dungeon.
             The game lasted 00:07:56 (2714 turns).

Haldmier the Slasher (High Elf Skald)               Turns: 2714, Time: 00:07:57

Health: -5/29      AC:  3    Str: 12    XL:     4   Next: 3%
Magic:  3/8        EV: 11    Int: 15    God:
Gold:   178        SH:  0    Dex: 15    Spells: 3 memorised, 1 level left

rFire  . . .     SeeInvis .     a - +0 falchion
rCold  . . .     Gourm    .     b - +0 leather armour
rNeg   . . .     Faith    .     (no shield)
rPois  .         Spirit   .     (no helmet)
rElec  .         Reflect  .     (no cloak)
rCorr  .         Harm     .     (no gloves)
MR     .....                    (no boots)
Stlth  +.........               (no amulet)
                                (no ring)
                                (no ring)

@: very slightly contaminated, slowed, very slow
A: no striking features
a: no special abilities


You were on level 2 of the Dungeon.
You were hungry.

You visited 1 branch of the dungeon, and saw 3 of its levels.

You collected 178 gold pieces.

Inventory:

Hand Weapons
 a - a +0 falchion (weapon)
Missiles
 i - 53 stones (quivered)
 s - 2 tomahawks
Armour
 b - a +0 leather armour (worn)
 j - a cursed +0 ring mail
Jewellery
 f - a cursed -3 ring of dexterity {unknown}
 o - an uncursed ring of stealth {unknown}
Scrolls
 e - 3 scrolls of blinking {unknown}
 g - 4 scrolls of teleportation {unknown}
 k - 2 scrolls of immolation {unknown}
 m - a scroll of amnesia {unknown}
 p - a scroll of random uselessness {unknown}
Potions
 n - a potion of magic {unknown}
 r - a potion of heal wounds
 t - a potion of curing {unknown}
 u - a potion of berserk rage {unknown}
Books
 c - a book of Battle

   Spells                             Type                      Level
   a - Infusion                       Charms                       1
   b - Shroud of Golubria             Charms/Translocation         2
   c - Song of Slaying                Charms                       2
   d - Spectral Weapon                Hexes/Charms                 3
   e - Regeneration                   Charms/Necromancy            3
Comestibles
 d - 3 bread rations
 h - a meat ration
 l - 2 slices of pizza
 q - 2 chunks of flesh


   Skills:
 - Level 2.0 Fighting
 + Level 4.3 Long Blades
 - Level 0.8 Armour
 - Level 1.1 Dodging
 - Level 2.4 Spellcasting
 * Level 1.8 Hexes
 - Level 3.6 Charms
 + Level 0.9 Translocations


You had one spell level left.
You knew the following spells:

 Your Spells              Type           Power        Failure   Level  Hunger
a - Infusion              Chrm           ##..         8%          1    #......
b - Shroud of Golubria    Chrm/Tloc      #.........   21%         2    ###....
c - Spectral Weapon       Hex/Chrm       #.......     30%         3    ###....


Dungeon Overview and Level Annotations

Branches:
Dungeon (3/15)

Altars:
Gozag

Annotations:
D:2 Natasha, Sigmund


Message History

Natasha closely misses you.
You hit Natasha.
Natasha is severely wounded.
Your spectral weapon closely misses Natasha.
Natasha growls.
Natasha claws you.
* * * LOW HITPOINT WARNING * * *
Natasha casts a spell at you. The magic dart hits you!
* * * LOW HITPOINT WARNING * * *
You take 12 damage, and have 1/29 hp.
MASSIVE DAMAGE!!
You barely miss Natasha.
Natasha is severely wounded.
Your spectral weapon barely misses Natasha.
Natasha barely misses you.
You hit Natasha.
Natasha is almost dead.
Your spectral weapon closely misses Natasha.
Natasha claws you.
You die...

....#### ....##.#
#..##........ ....##.#
#..#......... ....##.#
#..#......... ....##.#
#..#......... ###.##.#
#..#......... .##.##.#
#..#.........
.##....#####....(.......
..###.....##....@h......
#.###..##...รท..#############
#.##...........## #.......#
#.##...###......## #.>.....#
#......##...##...###.......#
.......#...####..##........#
###......#.# #....w..######
.###.....#.# ##...####
.###.....#.# #.....#


You could see Natasha and a friendly spectral falchion.

Vanquished Creatures
  An adder (D:2)
  An ooze (D:2)
  2 worms (D:2)
  2 dart slugs
  A leopard gecko (D:1)
  An orc (D:3)
  5 bats
  3 giant cockroaches (D:2)
  5 goblins
  6 hobgoblins
  3 quokkas
  A ball python (D:2)
  A frilled lizard (D:2)
  5 kobolds
  6 rats
43 creatures vanquished.

Notes
Turn   | Place    | Note
-------+----------+-------------------------------------------
     0 | D:1      | Haldmier the High Elf Skald began the quest for the Orb.
     0 | D:1      | Reached XP level 1. HP: 14/14 MP: 4/4
   155 | D:1      | Reached skill level 3 in Long Blades
   398 | D:1      | Reached XP level 2. HP: 19/19 MP: 6/6
   415 | D:1      | Learned a level 2 spell: Shroud of Golubria
   976 | D:2      | Noticed Sigmund
  1056 | D:2      | Reached skill level 4 in Long Blades
  1056 | D:2      | Reached XP level 3. HP: 16/24 MP: 0/7
  1086 | D:1      | Learned a level 3 spell: Spectral Weapon
  1619 | D:2      | Reached skill level 1 in Hexes
  1890 | D:2      | Found an opulent altar of Gozag.
  2276 | D:3      | Noticed a phantom
  2654 | D:2      | Reached XP level 4. HP: 21/29 MP: 8/8
  2703 | D:2      | Noticed Natasha
  2712 | D:2      | HP: 1/29 [Natasha/magic dart (6)]
  2714 | D:2      | Slain by Natasha

Skill      XL: |  1  2  3 |
---------------+----------+-----
Long Blades    | 3 4 |  4.3
Hexes          | 1 |  1.8
Fighting       | |  2.0
Armour         | |  0.8
Dodging        | |  1.1
Spellcasting   | |  2.4
Charms         | |  3.6
Translocations | |  0.9

Action                   |  1- 3 |  4- 6 || total
-------------------------+-------+-------++-------
Melee: Falchion          |   158 |    11 ||   169
 Cast: Infusion          |    21 |       ||    21
       Shroud of Golubri |     9 |       ||     9
       Spectral Weapon   |     1 |     1 ||     2
 Stab: Sleeping          |     1 |       ||     1
  Eat: Chunk             |     7 |       ||     7
Armor: Leather armour    |    46 |     2 ||    48
Dodge: Dodged            |   114 |     5 ||   119
       Rpst.: Falchion   |    30 |     1 ||    31
